TOP OF THE 1ST |
---|
Salem Silver Souls batting - Pitching for Santa Fe Diablos : LHP Manuel Reyes | Pitching: LHP Manuel Reyes | | Batting: LHB Alberto Varela | 0-0: Ball 1-0: Swinging Strike 1-1: Ball 2-1: Ball 3-1: Base on Balls | Batting: RHB Carlos Sánchez | 0-0: Ball 1-0: Swinging Strike 1-1: Ball 2-1: Fly out, F7 (Flyball, 78M) | Batting: RHB Joe Brinkman | 0-0: Ball 1-0: Ground out 5-3 (Groundball, 56S) Alberto Varela to second | Batting: SHB Dale Winters | 0-0: Ball 1-0: Ball 2-0: Ground out 4-3 (Groundball, 4) | Top of the 1st over - 0 runs, 0 hits, 0 errors, 1 left on base; Salem 0 - Santa Fe 0 | BOTTOM OF THE 1ST |
---|
Santa Fe Diablos batting - Pitching for Salem Silver Souls : LHP Jeff Brennan | Pitching: LHP Jeff Brennan | | Batting: RHB David Ward | 0-0: Foul Ball, location: 2F 0-1: Swinging Strike 0-2: Ball 1-2: Ball 2-2: Foul Ball, location: 2F 2-2: Reached via error on a dropped throw, E3 | Batting: RHB Todd Oliver | 0-0: Ball 1-0: Foul Ball, location: 2F 1-1: SINGLE (Groundball, 6D) David Ward to second | Batting: RHB Ray Ervin | 0-0: Foul Ball, location: 2F 0-1: SINGLE (Groundball, 56D) David Ward to third Todd Oliver to second Runner from 3rd tries for Home, SAFE, no throw | Batting: RHB Tim Adkins | 0-0: Ball 1-0: Swinging Strike 1-1: Swinging Strike 1-2: Ball 2-2: Strikes out swinging | Batting: RHB Frank Martínez | 0-0: Ball Ray Ervin steals 2nd base Todd Oliver to third 1-0: Ball 2-0: Called Strike 2-1: Called Strike 2-2: Strikes out swinging | Batting: RHB Félix Campos | 0-0: Ball 1-0: Called Strike 1-1: Foul Ball, location: 2F 1-2: Strikes out swinging | Bottom of the 1st over - 1 run, 2 hits, 1 error, 2 left on base; Salem 0 - Santa Fe 1 | TOP OF THE 2ND |
---|
Salem Silver Souls batting - Pitching for Santa Fe Diablos : LHP Manuel Reyes | Batting: RHB Juan Becerra | 0-0: Called Strike 0-1: Ball 1-1: Ball 2-1: Swinging Strike 2-2: Foul Ball, location: 2F 2-2: Ground out 1-3 (Groundball, 15) | Batting: RHB Rusty Anderson | 0-0: Foul Ball, location: 2F 0-1: Ball 1-1: Called Strike 1-2: SINGLE (Line Drive, 56D) | Batting: RHB José Dávila | 0-0: Ball 1-0: Foul Ball, location: 2F 1-1: Called Strike 1-2: Strikes out looking | Batting: SHB Dawson Fowler | 0-0: Ball 1-0: Foul Ball, location: 2F 1-1: Fielders Choice at 2nd, 6-4 (Groundball, 6) | Top of the 2nd over - 0 runs, 1 hit, 0 errors, 1 left on base; Salem 0 - Santa Fe 1 | BOTTOM OF THE 2ND |
---|
Santa Fe Diablos batting - Pitching for Salem Silver Souls : LHP Jeff Brennan | Batting: LHB Arturo Rodledo | 0-0: Called Strike 0-1: Called Strike 0-2: Ball 1-2: Strikes out swinging | Batting: LHB David Taylor | 0-0: Called Strike 0-1: Ball 1-1: Fly out, F6 (Line Drive, 56) | Batting: RHB Adam Reeves | 0-0: Foul Ball, location: 2F 0-1: Ball 1-1: Foul Ball, location: 2F 1-2: Ground out U3 (Groundball, 34S) | Bottom of the 2nd over - 0 runs, 0 hits, 0 errors, 0 left on base; Salem 0 - Santa Fe 1 | TOP OF THE 3RD |
---|
Salem Silver Souls batting - Pitching for Santa Fe Diablos : LHP Manuel Reyes | Batting: RHB Jaime Rodríguez | 0-0: Ball 1-0: Ground out 6-3 (Groundball, 6) | Batting: LHB Alberto Varela | 0-0: Called Strike 0-1: Ball 1-1: Swinging Strike 1-2: DOUBLE (Line Drive, 8RD) | Batting: RHB Carlos Sánchez | 0-0: Called Strike 0-1: Called Strike Alberto Varela steals 3rd base 0-2: SINGLE (Groundball, 4MD) Alberto Varela scores | Batting: RHB Joe Brinkman | 0-0: Ball 1-0: Called Strike 1-1: Ball 2-1: Fly out, F8 (Flyball, 8RS) | Batting: SHB Dale Winters | 0-0: Ball 1-0: Ball 2-0: Called Strike 2-1: Swinging Strike Balk! Carlos Sánchez to second 2-2: Foul Ball, location: 2F 2-2: Ball 3-2: Base on Balls | Batting: RHB Juan Becerra | 0-0: Ball 1-0: Called Strike 1-1: Ball 2-1: Foul Ball, location: 2F 2-2: Fly out, F8 (Line Drive, 89D) | Top of the 3rd over - 1 run, 2 hits, 0 errors, 2 left on base; Salem 1 - Santa Fe 1 | BOTTOM OF THE 3RD |
---|
Santa Fe Diablos batting - Pitching for Salem Silver Souls : LHP Jeff Brennan | Batting: RHB David Ward | 0-0: SINGLE (Line Drive, 9S) | Batting: RHB Todd Oliver | 0-0: Ground out 4-3 (Groundball, 4S) David Ward to second | Batting: RHB Ray Ervin | 0-0: Ball 1-0: Ball 2-0: Called Strike 2-1: Fly out, F8 (Flyball, 8RD) | Batting: RHB Tim Adkins | 0-0: Fly out, F8 (Flyball, 8RD) | Bottom of the 3rd over - 0 runs, 1 hit, 0 errors, 1 left on base; Salem 1 - Santa Fe 1 | TOP OF THE 4TH |
---|
Salem Silver Souls batting - Pitching for Santa Fe Diablos : LHP Manuel Reyes | Batting: RHB Rusty Anderson | 0-0: Ball 1-0: Swinging Strike 1-1: Called Strike 1-2: Ball 2-2: Ball 3-2: Strikes out looking | Batting: RHB José Dávila | 0-0: Called Strike 0-1: SINGLE (Groundball, 34D) | Batting: SHB Dawson Fowler | 0-0: Called Strike 0-1: Ball 1-1: Ball 2-1: Ball 3-1: SINGLE (Groundball, 6D) José Dávila to second Runner from 2nd tries for 3rd, SAFE, no throw | Batting: RHB Jaime Rodríguez | 0-0: Swinging Strike 0-1: DOUBLE (Flyball, 78XD) José Dávila scores Dawson Fowler to third | Batting: LHB Alberto Varela | 0-0: Swinging Strike 0-1: Foul Ball, location: 2F 0-2: SINGLE (Groundball, 34D) Dawson Fowler scores Jaime Rodríguez to third | Batting: RHB Carlos Sánchez | 0-0: Ball 1-0: Called Strike 1-1: Called Strike 1-2: Foul Ball, location: 2F 1-2: DOUBLE (Line Drive, 7D) Jaime Rodríguez scores Alberto Varela to third Runner from 3rd tries for Home, throw and OUT! | Batting: RHB Joe Brinkman | 0-0: Foul Ball, location: 2F 0-1: Ball 1-1: Ball 2-1: Ball 3-1: Base on Balls | Batting: SHB Dale Winters | 0-0: Fly out, F7 (Flyball, 78M) | Top of the 4th over - 3 runs, 5 hits, 0 errors, 2 left on base; Salem 4 - Santa Fe 1 | BOTTOM OF THE 4TH |
---|
Santa Fe Diablos batting - Pitching for Salem Silver Souls : LHP Jeff Brennan | Batting: RHB Frank Martínez | 0-0: Ball 1-0: Foul Ball, location: 2F 1-1: Ground out 6-3 (Groundball, 6) | Batting: RHB Félix Campos | 0-0: Called Strike 0-1: SINGLE (Line Drive, 4D) | Batting: LHB Arturo Rodledo | 0-0: Ball 1-0: Foul Ball, location: 2F 1-1: Ball 2-1: 2-RUN HOME RUN (Flyball, 9LD), Distance : 314 ft | Batting: LHB David Taylor | 0-0: Ball 1-0: Called Strike 1-1: Ball 2-1: Called Strike 2-2: Foul Ball, location: 2F 2-2: Strikes out swinging | Batting: RHB Adam Reeves | 0-0: Ball 1-0: Ball 2-0: Called Strike 2-1: Foul Ball, location: 2F 2-2: Strikes out looking | Bottom of the 4th over - 2 runs, 2 hits, 0 errors, 0 left on base; Salem 4 - Santa Fe 3 | TOP OF THE 5TH |
---|
Salem Silver Souls batting - Pitching for Santa Fe Diablos : LHP Manuel Reyes | Pitching: RHP Bill Davis | | Batting: RHB Juan Becerra | 0-0: Foul Ball, location: 2F 0-1: Called Strike 0-2: Foul Ball, location: 2F 0-2: Ball 1-2: Ball 2-2: Foul Ball, location: 2F 2-2: Ground out 4-3 (Groundball, 4) | Batting: RHB Rusty Anderson | 0-0: Called Strike 0-1: Ball 1-1: Ball 2-1: Fly out, F9 (Flyball, 9LD) | Batting: RHB José Dávila | 0-0: Ball 1-0: Ball 2-0: Foul Ball, location: 2F 2-1: Ball 3-1: Ground out 4-3 (Groundball, 4) | Top of the 5th over - 0 runs, 0 hits, 0 errors, 0 left on base; Salem 4 - Santa Fe 3 | BOTTOM OF THE 5TH |
---|
Santa Fe Diablos batting - Pitching for Salem Silver Souls : LHP Jeff Brennan | Batting: RHB David Ward | 0-0: Foul Ball, location: 2F 0-1: Ball 1-1: Ball 2-1: Ground out 5-3 (Groundball, 5S) | Batting: RHB Todd Oliver | 0-0: Ball 1-0: Ball 2-0: Fly out, F8 (Flyball, 8RD) | Batting: RHB Ray Ervin | 0-0: Foul Ball, location: 2F 0-1: Ball 1-1: Ball 2-1: Foul Ball, location: 2F 2-2: Foul Ball, location: 2F 2-2: Foul Ball, location: 2F 2-2: Strikes out swinging, 2-3 out at first. | Bottom of the 5th over - 0 runs, 0 hits, 0 errors, 0 left on base; Salem 4 - Santa Fe 3 | TOP OF THE 6TH |
---|
Salem Silver Souls batting - Pitching for Santa Fe Diablos : RHP Bill Davis | Batting: SHB Dawson Fowler | 0-0: Ball 1-0: Swinging Strike 1-1: Ball 2-1: Called Strike 2-2: Ball 3-2: Foul Ball, location: 2F 3-2: Base on Balls | Batting: RHB Jaime Rodríguez | 0-0: Ball 1-0: Swinging Strike 1-1: Foul Ball, location: 2F 1-2: Foul Ball, location: 2F 1-2: Fly out, F7 (Flyball, 7D) | Batting: LHB Alberto Varela | 0-0: Ball 1-0: Ground out U3 (Groundball, 34S) Dawson Fowler to second | Batting: RHB Carlos Sánchez | 0-0: Ball 1-0: Ball 2-0: Ball 3-0: Called Strike 3-1: Base on Balls | Batting: RHB Joe Brinkman | 0-0: Ball 1-0: Foul Ball, location: 2F 1-1: Ball 2-1: Called Strike 2-2: Foul Ball, location: 2F 2-2: Foul Ball, location: 2F 2-2: Foul Ball, location: 2F 2-2: Strikes out looking | Top of the 6th over - 0 runs, 0 hits, 0 errors, 2 left on base; Salem 4 - Santa Fe 3 | BOTTOM OF THE 6TH |
---|
Santa Fe Diablos batting - Pitching for Salem Silver Souls : LHP Jeff Brennan | Batting: RHB Tim Adkins | 0-0: Foul Ball, location: 2F 0-1: Fly out, F9 (Flyball, 89S) | Batting: RHB Frank Martínez | 0-0: Ball 1-0: Foul Ball, location: 2F 1-1: Ball 2-1: Ground out 6-3 (Groundball, 6) | Batting: RHB Félix Campos | 0-0: Ball 1-0: Called Strike 1-1: Ball 2-1: Foul Ball, location: 2F 2-2: Strikes out swinging | Bottom of the 6th over - 0 runs, 0 hits, 0 errors, 0 left on base; Salem 4 - Santa Fe 3 | TOP OF THE 7TH |
---|
Salem Silver Souls batting - Pitching for Santa Fe Diablos : RHP Bill Davis | Batting: SHB Dale Winters | 0-0: Foul Ball, location: 2F 0-1: Swinging Strike 0-2: Ball 1-2: Ball 2-2: Strikes out swinging | Batting: RHB Juan Becerra | 0-0: Swinging Strike 0-1: Foul Ball, location: 2F 0-2: Ball 1-2: Fly out, F5 (Line Drive, 5) | Batting: RHB Rusty Anderson | 0-0: Called Strike 0-1: Foul Ball, location: 2F 0-2: Ball 1-2: Foul Ball, location: 2F 1-2: Ground out 6-3 (Groundball, 6) | Top of the 7th over - 0 runs, 0 hits, 0 errors, 0 left on base; Salem 4 - Santa Fe 3 | BOTTOM OF THE 7TH |
---|
Santa Fe Diablos batting - Pitching for Salem Silver Souls : LHP Jeff Brennan | Batting: LHB Arturo Rodledo | 0-0: Ball 1-0: Called Strike 1-1: SINGLE (Groundball, 34D) | Batting: LHB David Taylor | 0-0: Ball 1-0: Sac Bunt - play at first, batter OUT! 3-4 Arturo Rodledo to second | Batting: RHB Adam Reeves | 0-0: Foul Ball, location: 2F 0-1: Swinging Strike 0-2: Ball 1-2: Ball 2-2: Ball 3-2: Foul Ball, location: 2F 3-2: Foul Ball, location: 2F 3-2: Strikes out swinging | Batting: RHB David Ward | 0-0: Ball 1-0: Foul Ball, location: 2F 1-1: Ball 2-1: Foul Ball, location: 2F 2-2: Fly out, F7 (Line Drive, 7) | Bottom of the 7th over - 0 runs, 1 hit, 0 errors, 1 left on base; Salem 4 - Santa Fe 3 | TOP OF THE 8TH |
---|
Salem Silver Souls batting - Pitching for Santa Fe Diablos : RHP Bill Davis | Batting: RHB José Dávila | 0-0: Foul Ball, location: 2F 0-1: Ball 1-1: Ball 2-1: Foul Ball, location: 2F 2-2: Fly out, F9 (Flyball, 89M) | Batting: SHB Dawson Fowler | 0-0: Swinging Strike 0-1: Ball 1-1: SOLO HOME RUN (Flyball, 9LD), Distance : 336 ft | Pitching: LHP Juan Parrot | | Batting: RHB Jaime Rodríguez | 0-0: Called Strike 0-1: Ball 1-1: Foul Ball, location: 2F 1-2: Ball 2-2: Foul Ball, location: 2F 2-2: Ball 3-2: Single, Error in OF, E7, batter to second base | Batting: LHB Alberto Varela | 0-0: Ball 1-0: Ball 2-0: Swinging Strike 2-1: Foul Ball, location: 2F 2-2: Ground out 4-3 (Groundball, 4) Jaime Rodríguez to third | Batting: RHB Carlos Sánchez | 0-0: DOUBLE (Groundball, 5L) Jaime Rodríguez scores | Batting: RHB Joe Brinkman | 0-0: Swinging Strike 0-1: Foul Ball, location: 2F 0-2: Foul Ball, location: 2F 0-2: Ball 1-2: Foul Ball, location: 2F 1-2: Strikes out swinging | Top of the 8th over - 2 runs, 3 hits, 1 error, 1 left on base; Salem 6 - Santa Fe 3 | BOTTOM OF THE 8TH |
---|
Santa Fe Diablos batting - Pitching for Salem Silver Souls : LHP Jeff Brennan | Pitching: RHP Eusébio Lagarto | | Batting: RHB Todd Oliver | 0-0: Swinging Strike 0-1: Reached on error, E4 (Groundball, 4S) | Batting: RHB Ray Ervin | 0-0: Ball 1-0: Called Strike 1-1: Ball 2-1: Foul Ball, location: 2F 2-2: SINGLE (Line Drive, 78S) Todd Oliver to third Runner from 3rd tries for Home, throw and OUT! Ray Ervin to second | Batting: RHB Tim Adkins | 0-0: Ball 1-0: SINGLE (Line Drive, 89S) Ray Ervin to third | Batting: RHB Frank Martínez | 0-0: Foul Ball, location: 2F 0-1: Foul Ball, location: 2F 0-2: Foul Ball, location: 2F 0-2: Ball 1-2: Ball 2-2: Strikes out swinging | Batting: RHB Félix Campos | 0-0: Foul Ball, location: 2F 0-1: Swinging Strike 0-2: Strikes out looking | Bottom of the 8th over - 0 runs, 2 hits, 1 error, 2 left on base; Salem 6 - Santa Fe 3 | TOP OF THE 9TH |
---|
Salem Silver Souls batting - Pitching for Santa Fe Diablos : LHP Juan Parrot | Batting: SHB Dale Winters | 0-0: DOUBLE (Flyball, 89D) | Batting: RHB Juan Becerra | 0-0: Ball 1-0: Ball 2-0: Ground out 4-3 (Groundball, 4) Dale Winters to third | Batting: RHB Rusty Anderson | 0-0: Foul Ball, location: 2F 0-1: Called Strike 0-2: DOUBLE (Line Drive, 89D) Dale Winters scores | Pitching: RHP Tomás Rodríguez | | Batting: RHB José Dávila | 0-0: Ball 1-0: Ball 2-0: Ball 3-0: Called Strike 3-1: Swinging Strike 3-2: Foul Ball, location: 2F 3-2: Strikes out swinging | Batting: SHB Dawson Fowler | 0-0: Swinging Strike 0-1: Ball 1-1: Ball 2-1: SINGLE (Groundball, 4S) (infield hit) Rusty Anderson to third | Batting: RHB Jaime Rodríguez | 0-0: Ball 1-0: Ball 2-0: Called Strike 2-1: Called Strike 2-2: Ball Dawson Fowler is caught stealing 2nd base | Top of the 9th over - 1 run, 3 hits, 0 errors, 1 left on base; Salem 7 - Santa Fe 3 | BOTTOM OF THE 9TH |
---|
Santa Fe Diablos batting - Pitching for Salem Silver Souls : RHP Eusébio Lagarto | Batting: LHB Arturo Rodledo | 0-0: Ground out 5-3 (Groundball, 56) | Batting: LHB David Taylor | 0-0: Called Strike 0-1: Foul Ball, location: 2F 0-2: Strikes out swinging | Batting: RHB Adam Reeves | 0-0: Called Strike 0-1: SOLO HOME RUN (Line Drive, 9D), Distance : 370 ft | Batting: RHB David Ward | 0-0: Called Strike 0-1: Ball 1-1: Ball 2-1: Foul Ball, location: 2F 2-2: Strikes out swinging | Bottom of the 9th over - 1 run, 1 hit, 0 errors, 0 left on base; Salem 7 - Santa Fe 4 | |